 Seeded DCSS version 0.28.0-43-g3370ac3207 (webtiles) character file.

Game seed: 13591998346360536447 (custom seed)

19866 hikkokomori the Warrior (level 12, -2/121 HPs)
             Began as a Hill Orc Fighter on Mar 2, 2022.
             Was an Elder of Beogh.
             Slain by a hog (8 damage)
             ... led by Kirke
             ... on level 13 of the Dungeon.
             The game lasted 00:20:34 (10354 turns).

hikkokomori the Warrior (Hill Orc Fighter)         Turns: 10354, Time: 00:20:34

Health: -2/121     AC:  0    Str: 28    XL:     12   Next: 73%
Magic:  22/22      EV: 16    Int:  8    God:    Beogh [****..]
Gold:   388        SH:  0    Dex: 14    Spells: 11/11 levels left

rFire   . . .      SeeInvis .   (weapon currently unavailable)
rCold   . . .      Faith    .   (shield currently unavailable)
rNeg    . . .      Spirit   .   (armour currently unavailable)
rPois   .          Reflect  .   (helmet currently unavailable)
rElec   .          Harm     .   (cloak currently unavailable)
rCorr   .          Rampage  .   (gloves currently unavailable)
Will    .....                   (boots currently unavailable)
Stlth   +.........              u - amulet of Accord {Regen+ Str+4 Dex+4}
HPRegen 1.10/turn               (ring currently unavailable)
MPRegen 0.18/turn               (ring currently unavailable)

@: mighty, pig-form, slowed, studying 4 skills
A: fast, no casting, small
a: Renounce Religion, Smiting, Recall Orcish Followers


You were on level 13 of the Dungeon.
You worshipped Beogh.
Beogh was greatly pleased with you.
You were a filthy swine.
You visited 2 branches of the dungeon, and saw 14 of its levels.

You collected 1096 gold pieces.
You spent 708 gold pieces at shops.

Inventory:

Hand Weapons
 a - a +0 war axe
 n - the +7 broad axe of the Tundras (melded) {speed, Fragile Int+3 Dex+8}
   (You acquired it on level 2 of the Dungeon)

   Attacks with this weapon are significantly faster.
   Int:       It affects your intelligence (+3).
   Dex:       It affects your dexterity (+8).
   Fragile:   It will be destroyed if unequipped.
 I - the +8 storm bow {elec, penet}
   (You found it on level 9 of the Dungeon)

   Any ammunition fired from it occasionally discharges a powerful burst of
   electricity upon striking a foe.
   Any ammunition fired by it passes through the targets it hits, potentially
   hitting all targets in its path until it reaches maximum range.
Armour
 b - a +0 scale mail
 c - a +0 buckler (melded)
 h - the +5 helmet "Jyivviu" (melded) {Dex+4}
   (You acquired it on level 2 of the Dungeon)

   Dex:       It affects your dexterity (+4).
 v - a +4 plate armour (melded)
 H - a +0 pair of gloves
 J - the +2 pair of gloves "Joixtif" (melded) {-Cast rC++ Slay+3 SInv}
   (You acquired it on level 9 of the Dungeon)

   Slay:      It affects your accuracy & damage with ranged weapons and melee
   (+3).
   rC:        It greatly protects you from cold.
   SInv:      It lets you see invisible.
   -Cast:     It prevents spellcasting.
 O - the +0 cloak "Fixkups" (melded) {Slay+4 Stlth-}
   (You acquired it on level 9 of the Dungeon)

   Slay:      It affects your accuracy & damage with ranged weapons and melee
   (+4).
   Stlth:     It makes you less stealthy.
 P - the +0 pair of gloves of Joirynuy {rPois Str+3 Dex+2 Stlth+}
   (You acquired it on level 9 of the Dungeon)

   Str:       It affects your strength (+3).
   Dex:       It affects your dexterity (+2).
   rPois:     It protects you from poison.
   Stlth:     It makes you more stealthy.
 R - a +0 kite shield
Jewellery
 i - a ring of resist corrosion
 k - a ring of protection from fire (melded)
 o - a ring of protection from fire
 u - the amulet of Accord (around neck) {Regen+ Str+4 Dex+4}
   (You acquired it on level 5 of the Dungeon)

   [amulet of regeneration]

   Str:       It affects your strength (+4).
   Dex:       It affects your dexterity (+4).
   Regen:     It increases your rate of health regeneration.
 y - an amulet of reflection
 F - a +6 ring of dexterity (melded)
 Q - a ring of protection from fire
 T - a +6 ring of intelligence
 U - a ring of willpower
Wands
 m - a wand of flame (48)
 w - a wand of charming (16)
 x - a wand of mindburst (13)
 A - a wand of iceblast (7)
 M - a wand of paralysis (9)
Scrolls
 e - 6 scrolls of teleportation {unknown}
 g - 2 scrolls of blinking {unknown}
 l - 2 scrolls of vulnerability {unknown}
 p - 2 scrolls of summoning
 r - 3 scrolls of torment {unknown}
 s - 3 scrolls of amnesia
 C - a scroll of noise {unknown}
 E - a scroll of holy word {unknown}
 K - a scroll of fog {unknown}
 N - a scroll of immolation {unknown}
 S - 3 scrolls of identify
Potions
 d - 3 potions of might
 f - 3 potions of haste
 q - 2 potions of lignification
 t - 3 potions of mutation
 z - a potion of ambrosia
 B - 2 potions of curing
 D - a potion of attraction
 G - 2 potions of brilliance
 L - 2 potions of cancellation {unknown}


   Skills:
 + Level 15.2 Fighting
 + Level 12.1 Axes
 + Level 11.4 Armour
 + Level 4.6 Dodging
 - Level 5.1 Shields
 + Level 14.5 Invocations
 + Level 8.4 Evocations


You had 11 spell levels left.
You didn't know any spells.
Your spell library contained the following spells:

 Spells                   Type           Power      Damage    Failure   Level
 Animate Skeleton         Necr           0%         N/A       41%         1
 Foxfire                  Conj/Fire      0%         2x1d4     41%         1
 Pain                     Necr           0%         1d4       41%         1
 Static Discharge         Conj/Air       0%         N/A       54%         2
 Sublimation of Blood     Necr           0%         N/A       54%         2
 Wereblood                Tmut           0%         N/A       54%         2
 Conjure Flame            Conj/Fire      0%         6-21      78%         3
 Inner Flame              Hex/Fire       0%         N/A       78%         3
 Ozocubu's Armour         Ice            0%         N/A       78%         3
 Vampiric Draining        Necr           0%         2d6       78%         3
 Dispel Undead            Necr           0%         3d6       99%         4
 Flame Wave               Conj/Fire      0%         2d4       99%         4
 Sticky Flame             Conj/Fire      0%         2d3       99%         4
 Ozocubu's Refrigeration  Ice            0%         4d5       100%        7
 Summon Hydra             Summ           0%         N/A       100%        7


Dungeon Overview and Level Annotations

Branches:
Dungeon (13/15)            Temple (0/1) D:6             Orc (1/2) D:10
   Lair: D:8-11      Vaults: D:13-14

Altars:
Gozag
Hepliaklqana
Okawaru
Qazlal
Sif Muna
Wu Jian
The Shining One

Shops:
D:8 *   D:11 *   Orc:1 *

Annotations:
D:3 2 transporters, themarg's ghost, amateur GnWn
D:13 Kirke; Urug


Message History

You closely miss something. The hog misses you.
The hog bites your orc knight but does no damage.
A hog comes into view.
Something hits you!
* * * LOW HITPOINT WARNING * * *
The hog bites Urug!
The hog bites you!
* * * LOW HITPOINT WARNING * * *
Urug no longer looks unusually strong.
The hog closely misses Urug.
Urug barely misses the hog.
The hog bites your orc knight.
Unknown command.
The hog closely misses your orc knight.
The hog bites Urug. x3
Urug hits the hog with a +7 great sword!
The hog barely misses Urug.
Unknown command.
The hog barely misses Urug.
The hog bites Urug.
Urug dies!
The hog bites your orc knight.
Something closely misses your orc knight.
Unknown command.
Unknown command.
Your orc knight no longer looks unusually strong.
The hog closely misses your orc knight.
The hog completely misses your orc knight.
The hog barely misses your orc knight.
Your orc knight hits the hog with a +0 scimitar!!
The hog dies!
Beogh accepts your kill. The hog barely misses your orc knight.
The hog bites you!
* * * LOW HITPOINT WARNING * * *
The hog bites you!
* * * LOW HITPOINT WARNING * * *
Your orc knight hits the hog with a +0 scimitar!!
The hog barely misses your orc knight. The hog bites your orc knight!
Your orc knight hits the hog with a +0 scimitar!
The hog dies!
Beogh accepts your kill.
Beogh blesses Boghold with healing.
The hog bites you!
You die...

#.. #############
#..
#....o†hh...#####
#..####
#...h..h..#.....#
#.....#
#..........>.####
#......
#.........#.##
#.#.#..
#.........#.#
#.....#
#......)...(# .
#.<.#
#....†).).###
...#.#..
#....)....#
#........
#.....†...#
.........


You could see 3 hogs and the friendly Boghold the orc knight.

Vanquished Creatures
  A hydra (D:10)
  4 two-headed ogres
  A skeletal warrior (D:13)
  3 gargoyles
  A yaktaur (D:12)
  A komodo dragon (D:11)
  A polar bear (shapeshifter) (D:9)
  A queen bee (shapeshifter) (D:11)
  3 trolls
  A hornet (D:9)
  Sigmund (D:5)
  2 shadows
  2 wraiths (D:10)
  16 yaks
  A basilisk (shapeshifter) (D:13)
  2 steam dragons
  A basilisk (D:8)
  8 vampire mosquitoes
  Menkaure (D:5)
  Edmund (D:7)
  A warg (Orc:1)
  A water moccasin (D:8)
  2 orc warriors (D:8)
  3 ice beasts
  2 black bears (D:6)
  4 ogres
  3 sky beasts
  6 centaurs
  A kobold brigand (D:10)
  A bullfrog (D:9)
  A wyvern zombie (D:7)
  3 gnoll sergeants
  A scorpion (D:8)
  A water moccasin zombie (D:5)
  11 killer bees
  4 wights (D:9)
  2 howler monkeys
  4 electric eels (D:10)
  A bullfrog zombie (D:5)
  2 centaur zombies
  2 hounds
  4 bullfrog skeletons
  2 jellies
  2 gnoll shamans
  5 iguanas
  Ijyb (D:5)
  Natasha (thrice) (D:2)
  2 orc wizards
  A killer bee zombie (D:7)
  3 hound skeletons
  A howler monkey zombie (D:9)
  18 gnolls
  5 adders
  A howler monkey skeleton (D:6)
  A white imp (D:5)
  2 ufetubi
  2 adder skeletons (D:4)
  3 worms
  6 dart slugs
  7 orcs
  3 bats
  8 endoplasms
  2 giant cockroaches
  10 hobgoblins
  5 jackals
  13 kobolds
  3 quokkas
  5 ball pythons
  A frilled lizard (D:2)
  4 goblins
  9 rats
  A spectral hobgoblin (D:4)
241 creatures vanquished.

Vanquished Creatures (collateral kills)
  2 boulder beetles
  2 hydras
  A centaur warrior (D:13)
  A death knight (D:13)
  A two-headed ogre (D:11)
  A cyclops (D:13)
  A troll (D:13)
  4 wraiths
  4 hogs (D:13)
  An orc warrior (Orc:1)
  An ogre (Orc:1)
  A killer bee (D:11)
  An electric eel (D:13)
  An orc wizard (D:12)
  A howler monkey zombie (D:10)
  An orc (D:10)
  A kobold (D:10)
25 creatures vanquished.

Vanquished Creatures (others)
  Urug (D:13)
  An orc knight (D:13)
  3 orc warriors
  3 orc priests
  5 orcs
  A fungus (D:8)
  18 plants (D:8)
32 creatures vanquished.

Grand Total: 298 creatures vanquished

Notes
Turn   | Place    | Note
-------+----------+-------------------------------------------
     0 | D:1      | hikkokomori the Hill Orc Fighter began the quest for the
                  | Orb.
     0 | D:1      | Reached XP level 1. HP: 19/19 MP: 1/1
   157 | D:1      | Reached XP level 2. HP: 23/27 MP: 2/2
   287 | D:1      | Reached skill level 4 in Fighting
   474 | D:1      | Reached XP level 3. HP: 27/33 MP: 3/3
   839 | D:2      | Noticed Natasha
   843 | D:2      | Killed Natasha
   844 | D:2      | Reached XP level 4. HP: 28/40 MP: 4/4
  1007 | D:2      | Found a faded altar of an unknown god.
  1548 | D:2      | Noticed Natasha
  1558 | D:2      | Killed Natasha
  1594 | D:2      | Reached XP level 5. HP: 42/47 MP: 5/5
  1723 | D:2      | Noticed Natasha
  1726 | D:2      | Killed Natasha
  1844 | D:2      | Identified 3 scrolls of acquirement
  1844 | D:2      | Acquired the +7 broad axe of the Tundras {speed, Fragile
                  | Int+3 Dex+8}
  1846 | D:2      | Acquired a manual of Fighting
  1849 | D:2      | Acquired the +5 helmet "Jyivviu" {Dex+4}
  2054 | D:3      | Found a glowing golden altar of the Shining One.
  2206 | D:3      | Found a transporter.
  2208 | D:3      | Noticed themarg's ghost (amateur GnWn)
  2336 | D:3      | Found a transporter.
  2597 | D:4      | Reached skill level 5 in Fighting
  2666 | D:4      | Reached XP level 6. HP: 56/56 MP: 6/6
  2687 | D:4      | Found a hazy altar of Hepliaklqana.
  3184 | D:5      | Entered Level 5 of the Dungeon
  3217 | D:5      | Noticed Edmund
  3217 | D:5      | Noticed Ijyb
  3218 | D:5      | Became a worshipper of Beogh the Brigand
  3222 | D:5      | Acquired the amulet of Accord {Regen+ Str+4 Dex+4}
  3404 | D:5      | Reached skill level 5 in Axes
  3406 | D:5      | Killed Ijyb
  3407 | D:5      | Reached skill level 6 in Fighting
  3407 | D:5      | Reached skill level 5 in Shields
  3411 | D:5      | Reached skill level 5 in Armour
  3411 | D:5      | Reached XP level 7. HP: 27/63 MP: 7/7
  3684 | D:5      | Reached skill level 1 in Invocations
  3719 | D:5      | Found a shimmering blue altar of Sif Muna.
  3729 | D:5      | Reached skill level 1 in Evocations
  3755 | D:5      | Reached skill level 7 in Fighting
  3800 | D:5      | Reached XP level 8. HP: 47/73 MP: 9/9
  3879 | D:5      | Noticed Sigmund
  3884 | D:5      | Reached skill level 8 in Fighting
  3889 | D:5      | Killed Sigmund
  4024 | D:5      | Found an iron altar of Okawaru.
  4069 | D:5      | Noticed Menkaure
  4074 | D:5      | Killed Menkaure
  4384 | D:5      | Found an opulent altar of Gozag.
  4391 | D:5      | Found a stormy altar of Qazlal.
  4498 | D:6      | Reached skill level 9 in Fighting
  4529 | D:6      | Reached skill level 5 in Invocations
  4530 | D:6      | Reached XP level 9. HP: 83/83 MP: 12/12
  4548 | D:6      | Reached * piety under Beogh
  4785 | D:6      | Found a staircase to the Ecumenical Temple.
  5738 | D:7      | Reached skill level 10 in Fighting
  5852 | D:7      | Killed Edmund
  5971 | D:7      | Found an ornate altar of the Wu Jian Council.
  6458 | D:8      | Found Kiqy Okk's Assorted Antiques.
  6479 | D:8      | Reached ** piety under Beogh
  6480 | D:8      | Reached skill level 5 in Evocations
  6482 | D:8      | Reached skill level 11 in Fighting
  6482 | D:8      | Reached XP level 10. HP: 88/95 MP: 14/16
  6495 | D:8      | Bought a scroll of identify for 56 gold pieces
  6495 | D:8      | Bought a scroll labelled JICAKA SUNO for 28 gold pieces
  6614 | D:8      | You fall into a shaft and drop 1 floor!
  6614 | D:9      | Found the +8 storm bow {elec, penet}
  6617 | D:9      | Paralysed by a hornet for 1 turns
  6660 | D:9      | Reached skill level 12 in Fighting
  6660 | D:9      | Reached skill level 10 in Invocations
  7167 | D:9      | Acquired the +0 cloak "Fixkups" {Slay+4 Stlth-}
  7174 | D:9      | Acquired the +0 pair of gloves of Joirynuy {rPois Str+3
                  | Dex+2 Stlth+}
  7176 | D:9      | Acquired the +2 pair of gloves "Joixtif" {-Cast rC++ Slay+3
                  | SInv}
  7209 | D:10     | Entered Level 10 of the Dungeon
  7224 | D:10     | Reached skill level 10 in Axes
  7267 | D:10     | Reached skill level 1 in Dodging
  7272 | D:10     | Reached XP level 11. HP: 105/105 MP: 19/19
  7280 | D:10     | Reached *** piety under Beogh
  7299 | D:10     | Reached skill level 13 in Fighting
  7308 | D:10     | Found a staircase to the Orcish Mines.
  7779 | D:10     | Noticed a seven-headed hydra
  7789 | D:10     | Noticed a two-headed ogre
  7795 | D:10     | Killed a two-headed ogre
  8279 | D:10     | Killed an eight-headed hydra
  8317 | Orc:1    | Entered Level 1 of the Orcish Mines
  8317 | Orc:1    | Found Bucsurua's General Store.
  8318 | Orc:1    | Noticed an orc knight
  8652 | D:11     | Noticed a two-headed ogre
  8658 | D:11     | Killed a two-headed ogre
  8706 | D:11     | Noticed an eight-headed hydra
  8711 | D:11     | Killed a ten-headed hydra
  8752 | D:11     | Noticed a two-headed ogre
  8757 | D:11     | Killed a two-headed ogre
  8765 | D:11     | Found Reiheab's General Store.
  8768 | D:11     | Bought a scroll of acquirement for 624 gold pieces
  8768 | D:11     | Acquired a manual of Armour
  8986 | D:11     | Reached skill level 14 in Fighting
  9238 | D:12     | Reached skill level 10 in Armour
  9305 | D:12     | Noticed a two-headed ogre
  9307 | D:12     | Noticed a boulder beetle
  9312 | D:12     | Killed a two-headed ogre
  9313 | D:12     | Reached XP level 12. HP: 112/117 MP: 21/21
  9317 | D:12     | Killed a boulder beetle
  9385 | D:12     | Noticed a two-headed ogre
  9390 | D:12     | Killed a two-headed ogre
  9853 | D:12     | Reached **** piety under Beogh
  9898 | D:12     | Noticed a four-headed hydra
 10259 | D:13     | Noticed a centaur warrior
 10266 | D:13     | Killed a centaur warrior
 10308 | D:13     | Noticed a death knight
 10312 | D:13     | Gained Bogrim as an ally
 10312 | D:13     | Noticed Urug
 10314 | D:13     | Noticed a boulder beetle
 10319 | D:13     | Noticed a five-headed hydra
 10321 | D:13     | Killed a death knight
 10322 | D:13     | Reached skill level 15 in Fighting
 10326 | D:13     | Noticed Kirke
 10330 | D:13     | Killed a seven-headed hydra
 10332 | D:13     | Your ally Bogrim died
 10333 | D:13     | Killed a boulder beetle
 10346 | D:13     | Your ally Urug died
 10353 | D:13     | HP: 5/121 [hog[Kirke] (7)]
 10354 | D:13     | Gained Boghold as an ally
 10354 | D:13     | Slain by a hog

Illustrated notes

Levels and vault maps discovered:
D:1:      wander_arrival_fairy_ring, layout_basic, chequers_serial_rivers_room_a
D:2:      layout_loops_ring, shapermc_ecumenical_altar_venn, uniq_natasha
D:3:      layout_loops_ring, mainiacjoe_overflow_chevrons,
          gammafunk_ghost_arena, hangedman_glass_teeth
D:4:      layout_basic, nicolae_hepliaklqana_monster_ancestors,
          due_unseen_surprise
D:5:      layout_basic, lemuel_doored_altar, overflow_temple_1_default,
          amethyst_overflow_temple_binary, minmay_manual_mess, uniq_ijyb,
          uniq_edmund, uniq_sigmund, uniq_menkaure
D:6:      layout_layer_cave, minmay_temple_entry_hall
D:7:      layout_basic, nicolae_wu_jian_immortal_techniques
D:8:      layout_rooms, lightli_temple_of_fire, minmay_lair_entry_grove,
          serial_shops, shop
D:9:      layout_cave_pools, grunt_decor_clamped
D:10:     minmay_diamond_stairs, layout_basic
D:11:     layout_gridville, serial_shops, kennysheep_mini_moat
D:12:     layout_loops_corners, lightli_corner_chamber
D:13:     layout_rooms, skrybe_vaults_entry_preservation, fountainhead,
          hangedman_parallel_progression, uniq_kirke, uniq_urug, uniq_erolcha
Orc:1:    layout_caves, serial_shops, shop

Skill      XL: |  1  2  3  4  5  6  7  8  9 10 11 12 |
---------------+-------------------------------------+-----
Axes           | 3 4 5 6 7 8 10 11 12 | 12.1
Fighting       | 4 5 6 7 9 11 12 14 15 | 15.2
Shields        | 4 5 |  5.1
Armour         | 4 5 6 7 8 10 11 | 11.4
Invocations    | 2 5 8 11 13 14 | 14.5
Evocations     | 1 3 5 6 7 8 |  8.4
Dodging        | 1 3 4 |  4.6

Action                   |  1- 3 |  4- 6 |  7- 9 | 10-12 || total
-------------------------+-------+-------+-------+-------++-------
Melee: War axe           |    65 |    62 |       |       ||   127
       Broad axe         |       |    81 |   151 |   272 ||   504
       Unarmed           |       |       |       |     9 ||     9
Invok: Convert to Beogh  |       |     1 |       |       ||     1
Evoke: Wand              |       |       |       |     7 ||     7
  Use: Scroll            |       |     4 |     9 |     5 ||    18
       Potion            |       |       |       |     4 ||     4
 Stab: Distracted        |       |       |       |     4 ||     4
Armor: Scale mail        |    33 |    49 |       |       ||    82
       Plate armour      |       |     9 |    90 |   162 ||   261
Dodge: Dodged            |    31 |    43 |    33 |    93 ||   200
Block: Buckler           |    14 |    34 |    44 |    91 ||   183
